 Dungeon Crawl Stone Soup version 0.28-a0-2-g643f2454ad (webtiles) character file.

Game seed: 20853689620625900

3 Wyvernaa the Cudgeller (level 1, -5/27 HPs)
             Began as a Human Berserker on July 22, 2021.
             Was a Follower of Trog.
             Slain by a kobold (18 damage)
             ... on level 1 of the Dungeon.
             The game lasted 00:00:26 (52 turns).

Wyvernaa the Cudgeller (Human Berserker)              Turns: 52, Time: 00:00:26

Health: -5/27      AC:  2    Str: 17    XL:     1   Next: 55%
Magic:  1/1        EV: 12    Int:  7    God:    Trog [*.....]
Gold:   0          SH:  0    Dex: 12    Spells: 0/0 levels left

rFire   . . .      SeeInvis .   a - +0 mace
rCold   . . .      Faith    .   (no shield)
rNeg    . . .      Spirit   .   b - +0 animal skin
rPois   .          Reflect  .   (no helmet)
rElec   .          Harm     .   (no cloak)
rCorr   .          Rampage  .   (no gloves)
Will    .....                   (no boots)
Stlth   ..........              (no amulet)
HPRegen 0.09/turn               (no ring)
MPRegen 0.07/turn               (no ring)

@: berserking, very quick
A: no striking features
a: Renounce Religion, Berserk


You were on level 1 of the Dungeon.
You worshipped Trog.
Trog was aware of your devotion.
You visited 1 branch of the dungeon, and saw 1 of its levels.

Inventory:

Hand Weapons
 a - a +0 mace (weapon)
Armour
 b - a +0 animal skin (worn)


   Skills:
 + Level 3.1 Fighting
 + Level 3.1 Maces & Flails
 + Level 2.0 Armour
 + Level 2.0 Dodging


You couldn't memorise any spells.
You didn't know any spells.
Your spell library was empty.

Dungeon Overview and Level Annotations

Branches:
Dungeon (1/15)

Altars:


Message History

You hit the endoplasm.
The endoplasm is almost dead.
The endoplasm hits you.
You hit the endoplasm.
You kill the endoplasm!
Trog accepts your kill.
No target in view!
No target in view!
HP restored.
A hobgoblin comes into view.
The hobgoblin shouts!
A hobgoblin is nearby!
A hobgoblin is nearby!
A kobold comes into view.
It is wielding a +1 short sword of electrocution.
A frilled lizard comes into view.
A ball python comes into view.
The kobold shouts!
The ball python hisses angrily.
The frilled lizard hisses angrily.
A frilled lizard comes into view.
The frilled lizard hisses angrily.
The hobgoblin barely misses you. The hobgoblin hits you.
The kobold closely misses you.
A red film seems to cover your vision as you go berserk!
You feel yourself moving faster!
You feel mighty! The hobgoblin hits you.
You barely miss the hobgoblin. The hobgoblin closely misses you.
You thump the hobgoblin!
You kill the hobgoblin!
Trog accepts your kill.
You closely miss the ball python. The ball python barely misses you. x2
You sock the ball python!
You kill the ball python!
Trog accepts your kill.
You barely miss the kobold.
The kobold hits you with a +1 short sword of electrocution.
You barely miss the kobold.
The kobold hits you with a +1 short sword of electrocution.
You are electrocuted!!
Ouch! That really hurt!
You die...

#....#.# #.....#
.#....#.# #.....#
......#.# #.....##
...#....# #......
........####....#
...#..(.........#
.........#...!.l#.#
....######....lK#.##
....### #....###@..#
...... #....# #...#
###....##....# #...#
.............# #...#
.............# ....#
...###......# ....#
#.......# .....
#...#...........
######...#.#####


You could see a kobold and 2 frilled lizards.

Vanquished Creatures
  An endoplasm (D:1)
  A hobgoblin (D:1)
  A ball python (D:1)
3 creatures vanquished.

Notes
Turn   | Place    | Note
-------+----------+-------------------------------------------
     0 | D:1      | Wyvernaa the Human Berserker began the quest for the Orb.
     0 | D:1      | Reached XP level 1. HP: 18/18 MP: 1/1
    52 | D:1      | Slain by a kobold

Illustrated notes

Levels and vault maps discovered:
D:1:      lightli_arrival_chessboard, layout_basic, minmay_pentomino_t4

Action                   || total
-------------------------++-------
Melee: Mace              ||     8
Invok: Berserk           ||     1
Dodge: Dodged            ||     6

Table legend: (Time is in decaauts)
 A = Elapsed time spent in this place.
 B = Non-inter-level travel time spent in this place.
 C = Inter-level travel time spent in this place.
 D = Time resting spent in this place.
 E = Time spent auto-exploring this place.
 F = Levels seen in this place.
 G = Mean time per level.
                   A        B        C        D        E       F      G
               +--------+--------+--------+--------+--------+-----+--------+
         Total |     51 |     51 |      0 |      0 |     27 |   1 |   51.0 |
       Dungeon |     51 |     51 |      0 |      0 |     27 |   1 |   51.0 |
               +--------+--------+--------+--------+--------+-----+--------+

Top non-repeatable levels by time:
     D:1: 51 daAuts
